Panthers vs Flyers

Created - 27 avril 2019 at 21:50

Goals
1 2 3 T
Panthers 3 0 1 4
Flyers 0 0 0 0
Shots
1 2 3 T
Panthers 10 13 8 31
Flyers 8 10 16 34

1st period

1. Panthers , Nikolaj Ehlers 17 (Aleksander Barkov 52) at 14:58
2. Panthers , Michael Matheson 9 (Joe Thornton 22, Andrew Ladd 18) at 17:30
3. Panthers , Matthew Tkachuk 17 (Tyler Seguin 48, Drew Doughty 62) at 17:55

Penalties :
No Penalty

2nd period

No Goal

Penalties :
Drew Doughty (FLA) for Roughing (Minor) at 0:45, Andrew Ladd (FLA) for Interference (Minor) at 5:48

3rd period

4. Panthers , Blake Wheeler 37 (Tyler Seguin 49, T.J. Brodie 23) at 0:12

Penalties :
Drew Doughty (FLA) for Hooking (Minor) at 13:56

Goalie Stats

Cam Ward (FLA), 34 saves from 34 shots - (1.000), W, 9-7-1, 60:00 minutes
Ben Bishop (PHI), 27 saves from 31 shots - (0.871), L, 38-28-7, 60:00 minutes

Players Stats for Panthers

Player Name              G  A  P  +/- PIM S  H  SB GA TA FO     MP     PP MP  PK MP  
------------------------------------------------------------------------------------
Aleksander Barkov        0  1  1   1  0   4  1  0  0  0  9/21   17:54   0:00   1:49 
Andrew Ladd              0  1  1   1  2   1  1  0  0  0  1/1    11:44   0:00   0:00 
Blake Wheeler            1  0  1   2  0   5  3  0  0  0  0/2    19:14   0:00   0:00 
Brandon Carlo            0  0  0   0  0   1  2  3  0  0  0/0    20:50   0:00   1:29 
Charlie McAvoy           0  0  0   0  0   0  4  2  0  0  0/0    21:40   0:00   2:19 
Drew Doughty             0  1  1   2  4   0  4  1  0  0  0/0    24:02   0:00   1:14 
Francois Beauchemin      0  0  0   2  0   1  2  1  0  0  0/0    15:06   0:00   3:14 
Joe Thornton             0  1  1   1  0   1  2  0  0  0  6/10   11:45   0:00   0:00 
Joel Armia               0  0  0   0  0   2  0  0  0  0  0/0     8:48   0:00   1:49 
Justin Williams          0  0  0   1  0   1  1  0  0  0  2/3    11:45   0:00   0:00 
Luke Glendening          0  0  0   0  0   1  0  1  0  0  4/11   11:07   0:00   4:08 
Matthew Tkachuk          1  0  1   2  0   3  0  0  0  0  0/1    19:14   0:00   0:00 
Melker Karlsson          0  0  0   0  0   0  0  2  0  0  0/0    11:07   0:00   4:08 
Michael Matheson         1  0  1   2  0   3  0  0  0  0  0/0    14:30   0:00   0:00 
Nikolaj Ehlers           1  0  1   1  0   2  0  0  0  0  2/2    16:05   0:00   0:00 
Patrik Laine             0  0  0   1  0   3  0  0  0  0  0/0    16:05   0:00   0:00 
T.J. Brodie              0  1  1   2  0   1  0  3  0  0  0/0    23:50   0:00   3:38 
Tyler Seguin             0  2  2   2  0   2  0  0  0  0  16/23  19:14   0:00   0:00 

Players Stats for Flyers

Player Name              G  A  P  +/- PIM S  H  SB GA TA FO     MP     PP MP  PK MP  
------------------------------------------------------------------------------------
Alexander Killorn        0  0  0  -1  0   3  2  1  0  0  0/2    20:08   3:18   0:00 
Anders Lee               0  0  0  -1  0   2  2  0  0  0  0/0    20:01   3:11   0:00 
Ben Hutton               0  0  0  -1  0   1  0  0  0  0  0/0    19:11   0:01   0:00 
Brad Marchand            0  0  0  -1  0   1  4  0  0  0  0/0    21:19   3:11   0:00 
Brandon Saad             0  0  0  -1  0   1  0  1  0  0  0/0    20:53   2:45   0:00 
Calle Jarnkrok           0  0  0  -1  0   2  1  0  0  0  5/11   13:11   2:38   0:00 
Casey Cizikas            0  0  0  -1  0   4  0  0  0  0  6/11    8:33   0:01   0:00 
Damon Severson           0  0  0  -2  0   0  3  1  0  0  0/0    22:47   2:38   0:00 
Jonathan Ericsson        0  0  0  -1  0   1  3  1  0  0  0/0    14:45   0:01   0:00 
Jori Lehtera             0  0  0  -1  0   0  0  0  0  0  0/0     8:33   0:01   0:00 
Marcus Kruger            0  0  0  -1  0   0  0  1  0  0  0/1     8:32   0:00   0:00 
Mathew Barzal            0  0  0  -1  0   8  0  1  0  0  11/26  21:19   3:11   0:00 
Matt Benning             0  0  0  -1  0   0  3  0  0  0  0/0    14:44   0:00   0:00 
Mattias Janmark          0  0  0  -1  0   4  0  0  0  0  0/0    10:34   0:01   0:00 
Nico Hischier            0  0  0  -1  0   3  0  0  0  0  12/23  19:35   2:45   0:00 
Nikita Zaitsev           0  0  0  -1  0   0  2  2  0  0  0/0    19:10   0:00   0:00 
Thomas Vanek             0  0  0  -1  0   0  1  0  0  0  0/0    13:18   2:45   0:00 
Zach Werenski            0  0  0  -2  0   4  0  1  0  0  0/0    23:27   3:18   0:00 

3 Stars

1 - Cam Ward (FLA)
2 - Blake Wheeler (FLA)
3 - Michael Matheson (FLA)

Power Play

Panthers - 0 on 0 Attempt(s) - 0.00%
Flyers - 0 on 3 Attempt(s) - 0.00%

Penalty Kill

Panthers - 3 on 3 Attempt(s) - 100.00% - Score 0 goal in Penalty Kill
Flyers - 0 on 0 Attempt(s) - 0.00% - Score 0 goal in Penalty Kill

Team Stat

Panthers - Hits : 20 - Faceoff Wins : 40 - Blocked Shots : 13 - Penalty Minutes : 6
Flyers - Hits : 21 - Faceoff Wins : 34 - Blocked Shots : 9 - Penalty Minutes : 0

Official

Referees : Kelly Sutherland and TJ Luxmore
Linesman : David Brisebois and Greg Devorski

Game Notes

No Game Note

Finance

Level 1 -- Attendance: 5765 (88.69%) -- Ticket Income 634 150 $
Level 2 -- Attendance: 5000 (100.00%) -- Ticket Income 410 000 $
Level 3 -- Attendance: 3255 (93.00%) -- Ticket Income 205 065 $
Level 4 -- Attendance: 2861 (80.89%) -- Ticket Income 57 220 $
Luxury Box -- Attendance: 896 (89.60%) -- Ticket Income 201 600 $
Game was played at the Wells Fargo Center.
Total Attendance: 17777 (90.99%)
Total Ticket Income: 1 508 035 $
Other Income: 738 937 $
Total Income: 2 246 972 $

% Time on Ice - Panthers

Lines # - Real PCT - Wanted PCT - Time Play
Normal Forward
1 - 36% - 40% - 19:14
2 - 30% - 30% - 16:05
3 - 22% - 20% - 11:45
4 - 13% - 10% - 6:59
Normal Defense
1 - 37% - 42% - 20:12
2 - 36% - 36% - 19:21
3 - 22% - 22% - 11:52
4 - 5% - 0% - 2:38
PP Forward
1 - 0% - 55%
2 - 0% - 45%
PP Defense
1 - 0% - 55%
2 - 0% - 45%
PK Forward
1 - 69% - 60% - 4:08
2 - 31% - 40% - 1:49
PK Defense
1 - 61% - 50% - 3:38
2 - 39% - 50% - 2:19
PK3 Forward
1 - 0% - 60%
2 - 0% - 40%
PK3 Defense
1 - 0% - 50%
2 - 0% - 50%
44 Forward
1 - 0% - 60%
2 - 0% - 40%
44 Defense
1 - 0% - 60%
2 - 0% - 40%
Last Minute Offensive  - 0:00
Last Minute Defensive  - 0:00
Total
Forward - 60:00
Defense - 60:00

% Time on Ice - Flyers

Lines # - Real PCT - Wanted PCT - Time Play
Normal Forward
1 - 34% - 37% - 18:08
2 - 31% - 33% - 16:50
3 - 20% - 20% - 10:33
4 - 16% - 10% - 8:32
Normal Defense
1 - 37% - 47% - 20:09
2 - 35% - 32% - 19:10
3 - 27% - 21% - 14:44
4 - 0% - 0% - 0:00
PP Forward
1 - 54% - 60% - 3:12
2 - 46% - 40% - 2:45
PP Defense
1 - 55% - 65% - 3:18
2 - 45% - 35% - 2:39
PK Forward
1 - 0% - 60%
2 - 0% - 40%
PK Defense
1 - 0% - 50%
2 - 0% - 50%
PK3 Forward
1 - 0% - 60%
2 - 0% - 40%
PK3 Defense
1 - 0% - 60%
2 - 0% - 40%
44 Forward
1 - 0% - 60%
2 - 0% - 40%
44 Defense
1 - 0% - 60%
2 - 0% - 40%
Last Minute Offensive  - 0:00
Last Minute Defensive  - 0:00
Total
Forward - 60:00
Defense - 60:00

Play-by-Play

1st period


0:01 of 1st period - Tyler Seguin wins face-off versus Mathew Barzal in neutral zone.
1:25 of 1st period - Shot by Patrik Laine.
1:25 of 1st period - Stopped by Ben Bishop without a rebound.
1:26 of 1st period - Calle Jarnkrok wins face-off versus Justin Williams in Flyers zone.
1:44 of 1st period - Mattias Janmark is hit by Francois Beauchemin and loses puck.
1:58 of 1st period - Joe Thornton is hit by Matt Benning and loses puck.
2:09 of 1st period - Calle Jarnkrok is hit by Justin Williams and loses puck.
2:40 of 1st period - Shot by Joel Armia.
2:40 of 1st period - Shot Blocked by Alexander Killorn.
3:08 of 1st period - Luke Glendening is hit by Anders Lee and loses puck.
3:33 of 1st period - Zach Werenski is hit by Blake Wheeler and loses puck.
3:41 of 1st period - Icing by Damon Severson.
3:42 of 1st period - Nikolaj Ehlers wins face-off versus Casey Cizikas in Flyers zone.
3:47 of 1st period - Shot by Aleksander Barkov.
3:47 of 1st period - Shot Blocked by Marcus Kruger.
5:28 of 1st period - Icing by Brandon Carlo.
5:29 of 1st period - Joe Thornton wins face-off versus Nico Hischier in Panthers zone.
6:09 of 1st period - Icing by Damon Severson.
6:10 of 1st period - Nico Hischier wins face-off versus Aleksander Barkov in Flyers zone.
6:35 of 1st period - Shot by Brad Marchand.
6:35 of 1st period - Shot Misses the Net.
6:37 of 1st period - Shot by Nikita Zaitsev.
6:37 of 1st period - Shot Blocked by T.J. Brodie.
6:39 of 1st period - Shot by Ben Hutton.
6:39 of 1st period - Shot Misses the Net.
7:01 of 1st period - Shot by Mathew Barzal.
7:01 of 1st period - Stopped by Cam Ward with a rebound.
7:10 of 1st period - Matt Benning is hit by Drew Doughty and loses puck.
7:13 of 1st period - Shot by Thomas Vanek.
7:13 of 1st period - Shot Blocked by T.J. Brodie.
7:15 of 1st period - Shot by Jonathan Ericsson.
7:15 of 1st period - Stopped by Cam Ward without a rebound.
7:16 of 1st period - Tyler Seguin wins face-off versus Casey Cizikas in Panthers zone.
8:03 of 1st period - Icing by Matthew Tkachuk.
8:04 of 1st period - Tyler Seguin wins face-off versus Nico Hischier in Panthers zone.
8:29 of 1st period - Shot by Nico Hischier.
8:29 of 1st period - Stopped by Cam Ward without a rebound.
8:30 of 1st period - Joe Thornton wins face-off versus Mathew Barzal in Panthers zone.
9:12 of 1st period - Shot by Mathew Barzal.
9:12 of 1st period - Shot Misses the Net.
9:57 of 1st period - Calle Jarnkrok is hit by Francois Beauchemin and loses puck.
10:09 of 1st period - Aleksander Barkov is hit by Jonathan Ericsson and loses puck.
10:21 of 1st period - Icing by Anders Lee.
10:22 of 1st period - Nico Hischier wins face-off versus Tyler Seguin in Flyers zone.
10:26 of 1st period - Alexander Killorn is hit by Charlie McAvoy and loses puck.
10:44 of 1st period - Icing by Brandon Carlo.
10:45 of 1st period - Tyler Seguin wins face-off versus Mathew Barzal in Panthers zone.
10:53 of 1st period - Icing by Brandon Carlo.
10:54 of 1st period - Tyler Seguin wins face-off versus Mathew Barzal in Panthers zone.
12:14 of 1st period - Icing by Nikita Zaitsev.
12:15 of 1st period - Nico Hischier wins face-off versus Luke Glendening in Flyers zone.
14:04 of 1st period - Matthew Tkachuk is hit by Calle Jarnkrok and loses puck.
14:51 of 1st period - Shot by Mathew Barzal.
14:51 of 1st period - Stopped by Cam Ward without a rebound.
14:52 of 1st period - Aleksander Barkov wins face-off versus Nico Hischier in Panthers zone.
14:52 of 1st period - Aleksander Barkov is hit by Alexander Killorn.
14:58 of 1st period - Shot by Nikolaj Ehlers.
14:58 of 1st period - Goal by Nikolaj Ehlers - Panthers : 1 - Flyers : 0.
14:59 of 1st period - Nico Hischier wins face-off versus Aleksander Barkov in neutral zone.
15:12 of 1st period - Nico Hischier is hit by Aleksander Barkov and loses puck.
15:21 of 1st period - Shot by Aleksander Barkov.
15:21 of 1st period - Shot Blocked by Nikita Zaitsev.
15:23 of 1st period - Shot by Francois Beauchemin.
15:23 of 1st period - Stopped by Ben Bishop without a rebound.
15:24 of 1st period - Luke Glendening wins face-off versus Casey Cizikas in Flyers zone.
15:45 of 1st period - Shot by Zach Werenski.
15:45 of 1st period - Stopped by Cam Ward without a rebound.
15:46 of 1st period - Tyler Seguin wins face-off versus Mathew Barzal in Panthers zone.
15:50 of 1st period - Off-side.
15:51 of 1st period - Mathew Barzal wins face-off versus Tyler Seguin in neutral zone.
16:02 of 1st period - Shot by Brad Marchand.
16:02 of 1st period - Shot Misses the Net.
16:34 of 1st period - Shot by Tyler Seguin.
16:34 of 1st period - Shot Misses the Net.
16:45 of 1st period - Icing by Ben Hutton.
16:46 of 1st period - Mathew Barzal wins face-off versus Aleksander Barkov in Flyers zone.
17:18 of 1st period - Shot by Nico Hischier.
17:18 of 1st period - Shot Misses the Net.
17:20 of 1st period - Shot by Zach Werenski.
17:20 of 1st period - Stopped by Cam Ward without a rebound.
17:21 of 1st period - Joe Thornton wins face-off versus Marcus Kruger in Panthers zone.
17:28 of 1st period - Shot by Joe Thornton.
17:28 of 1st period - Stopped by Ben Bishop with a rebound.
17:30 of 1st period - Shot by Michael Matheson.
17:30 of 1st period - Goal by Michael Matheson - Panthers : 2 - Flyers : 0.
17:31 of 1st period - Tyler Seguin wins face-off versus Calle Jarnkrok in neutral zone.
17:55 of 1st period - Shot by Matthew Tkachuk.
17:55 of 1st period - Goal by Matthew Tkachuk - Panthers : 3 - Flyers : 0.
17:56 of 1st period - Nico Hischier wins face-off versus Aleksander Barkov in neutral zone.
18:03 of 1st period - Shot by Anders Lee.
18:03 of 1st period - Stopped by Cam Ward without a rebound.
18:04 of 1st period - Nikolaj Ehlers wins face-off versus Nico Hischier in Panthers zone.
18:41 of 1st period - Shot by Aleksander Barkov.
18:41 of 1st period - Stopped by Ben Bishop without a rebound.
18:42 of 1st period - Mathew Barzal wins face-off versus Tyler Seguin in Flyers zone.
18:42 of 1st period - Mathew Barzal is hit by Blake Wheeler.
18:47 of 1st period - Brad Marchand is hit by Blake Wheeler and loses puck.
19:06 of 1st period - Shot by Tyler Seguin.
19:06 of 1st period - Stopped by Ben Bishop with a rebound.
19:14 of 1st period - Shot by Tyler Seguin.
19:14 of 1st period - Stopped by Ben Bishop without a rebound.
19:15 of 1st period - Casey Cizikas wins face-off versus Joe Thornton in Flyers zone.
19:34 of 1st period - Shot by Andrew Ladd.
19:34 of 1st period - Deflect By Justin Williams.
19:34 of 1st period - Shot Misses the Net.
19:36 of 1st period - Shot by Andrew Ladd.
19:36 of 1st period - Stopped by Ben Bishop without a rebound.
19:37 of 1st period - Luke Glendening wins face-off versus Alexander Killorn in Flyers zone.
19:39 of 1st period - Joel Armia is hit by Nikita Zaitsev and loses puck.
19:52 of 1st period - Shot by Anders Lee.
19:52 of 1st period - Stopped by Cam Ward without a rebound.
19:53 of 1st period - Mathew Barzal wins face-off versus Tyler Seguin in Panthers zone.
Goals for this period are 3 for Panthers vs 0 for Flyers.
Shots for this period are 10 for Panthers vs 8 for Flyers.

2nd period


0:01 of 2nd period - Tyler Seguin wins face-off versus Mathew Barzal in neutral zone.
0:04 of 2nd period - Shot by Matthew Tkachuk.
0:04 of 2nd period - Shot Blocked by Brandon Saad.
0:06 of 2nd period - Shot by T.J. Brodie.
0:06 of 2nd period - Stopped by Ben Bishop without a rebound.
0:07 of 2nd period - Nico Hischier wins face-off versus Tyler Seguin in Flyers zone.
0:17 of 2nd period - Icing by Tyler Seguin.
0:18 of 2nd period - Tyler Seguin wins face-off versus Mathew Barzal in Panthers zone.
0:18 of 2nd period - Tyler Seguin is hit by Brad Marchand.
0:44 of 2nd period - Shot by Mathew Barzal.
0:44 of 2nd period - Shot Misses the Net.
0:45 of 2nd period - Minor Penalty to Drew Doughty for Roughing.
0:46 of 2nd period - Nico Hischier wins face-off versus Luke Glendening in Panthers zone.
1:16 of 2nd period - Alexander Killorn is hit by Brandon Carlo and loses puck.
2:31 of 2nd period - Shot by Calle Jarnkrok.
2:31 of 2nd period - Shot Misses the Net.
3:07 of 2nd period - Shot by Blake Wheeler.
3:07 of 2nd period - Stopped by Ben Bishop without a rebound.
3:08 of 2nd period - Aleksander Barkov wins face-off versus Casey Cizikas in Flyers zone.
3:15 of 2nd period - Shot by Brandon Carlo.
3:15 of 2nd period - Deflect By Aleksander Barkov.
3:15 of 2nd period - Shot Misses the Net.
3:17 of 2nd period - Shot by Aleksander Barkov.
3:17 of 2nd period - Stopped by Ben Bishop without a rebound.
3:18 of 2nd period - Calle Jarnkrok wins face-off versus Joe Thornton in Flyers zone.
3:18 of 2nd period - Calle Jarnkrok is hit by Joe Thornton.
3:56 of 2nd period - Off-side.
3:57 of 2nd period - Nico Hischier wins face-off versus Blake Wheeler in neutral zone.
5:07 of 2nd period - Shot by Aleksander Barkov.
5:07 of 2nd period - Stopped by Ben Bishop without a rebound.
5:08 of 2nd period - Casey Cizikas wins face-off versus Luke Glendening in Flyers zone.
5:27 of 2nd period - Shot by Casey Cizikas.
5:27 of 2nd period - Stopped by Cam Ward without a rebound.
5:28 of 2nd period - Aleksander Barkov wins face-off versus Mathew Barzal in Panthers zone.
5:28 of 2nd period - Aleksander Barkov is hit by Brad Marchand.
5:36 of 2nd period - Shot by Aleksander Barkov.
5:36 of 2nd period - Stopped by Ben Bishop without a rebound.
5:37 of 2nd period - Justin Williams wins face-off versus Nico Hischier in Flyers zone.
5:37 of 2nd period - Justin Williams is hit by Damon Severson.
5:45 of 2nd period - Shot by Andrew Ladd.
5:45 of 2nd period - Shot Misses the Net.
5:48 of 2nd period - Minor Penalty to Andrew Ladd for Interference.
5:49 of 2nd period - Luke Glendening wins face-off versus Mathew Barzal in Panthers zone.
6:28 of 2nd period - Shot by Brad Marchand.
6:28 of 2nd period - Stopped by Cam Ward without a rebound.
6:29 of 2nd period - Luke Glendening wins face-off versus Nico Hischier in Panthers zone.
6:29 of 2nd period - Luke Glendening is hit by Thomas Vanek.
6:45 of 2nd period - Shot by Nico Hischier.
6:45 of 2nd period - Shot Misses the Net.
6:47 of 2nd period - Shot by Calle Jarnkrok.
6:47 of 2nd period - Shot Misses the Net.
7:25 of 2nd period - Icing by Brad Marchand.
7:26 of 2nd period - Aleksander Barkov wins face-off versus Mathew Barzal in Flyers zone.
7:59 of 2nd period - Marcus Kruger is hit by Charlie McAvoy and loses puck.
8:05 of 2nd period - Casey Cizikas is hit by Brandon Carlo and loses puck.
8:20 of 2nd period - Shot by Casey Cizikas.
8:20 of 2nd period - Shot Misses the Net.
8:29 of 2nd period - Icing by Casey Cizikas.
8:30 of 2nd period - Casey Cizikas wins face-off versus Aleksander Barkov in Flyers zone.
8:32 of 2nd period - Icing by Ben Hutton.
8:33 of 2nd period - Casey Cizikas wins face-off versus Aleksander Barkov in Flyers zone.
8:52 of 2nd period - Shot by Patrik Laine.
8:52 of 2nd period - Stopped by Ben Bishop without a rebound.
8:53 of 2nd period - Mathew Barzal wins face-off versus Joe Thornton in Flyers zone.
9:06 of 2nd period - Shot by Andrew Ladd.
9:06 of 2nd period - Shot Blocked by Mathew Barzal.
9:14 of 2nd period - Shot by Andrew Ladd.
9:14 of 2nd period - Shot Misses the Net.
9:28 of 2nd period - Shot by Justin Williams.
9:28 of 2nd period - Stopped by Ben Bishop without a rebound.
9:29 of 2nd period - Tyler Seguin wins face-off versus Nico Hischier in Flyers zone.
9:29 of 2nd period - Drew Doughty is hit by Matt Benning and loses puck.
9:45 of 2nd period - Blake Wheeler is hit by Alexander Killorn and loses puck.
10:01 of 2nd period - Shot by Alexander Killorn.
10:01 of 2nd period - Stopped by Cam Ward with a rebound.
10:03 of 2nd period - Shot by Anders Lee.
10:03 of 2nd period - Deflect By Nico Hischier.
10:03 of 2nd period - Stopped by Cam Ward without a rebound.
10:04 of 2nd period - Aleksander Barkov wins face-off versus Calle Jarnkrok in Panthers zone.
10:14 of 2nd period - Nikolaj Ehlers is hit by Damon Severson and loses puck.
10:27 of 2nd period - Shot by Mattias Janmark.
10:27 of 2nd period - Stopped by Cam Ward with a rebound.
10:29 of 2nd period - Shot by Thomas Vanek.
10:29 of 2nd period - Shot Blocked by Brandon Carlo.
10:31 of 2nd period - Shot by Calle Jarnkrok.
10:31 of 2nd period - Stopped by Cam Ward without a rebound.
10:32 of 2nd period - Mathew Barzal wins face-off versus Joe Thornton in Panthers zone.
11:59 of 2nd period - Shot by Tyler Seguin.
11:59 of 2nd period - Shot Misses the Net.
13:47 of 2nd period - Shot by Aleksander Barkov.
13:47 of 2nd period - Shot Blocked by Nikita Zaitsev.
13:59 of 2nd period - Shot by Brad Marchand.
13:59 of 2nd period - Shot Misses the Net.
14:08 of 2nd period - Shot by Mathew Barzal.
14:08 of 2nd period - Shot Misses the Net.
14:10 of 2nd period - Shot by Ben Hutton.
14:10 of 2nd period - Stopped by Cam Ward with a rebound.
14:12 of 2nd period - Shot by Brad Marchand.
14:12 of 2nd period - Shot Blocked by T.J. Brodie.
14:14 of 2nd period - Shot by Nikita Zaitsev.
14:14 of 2nd period - Shot Misses the Net.
14:25 of 2nd period - Icing by Drew Doughty.
14:26 of 2nd period - Casey Cizikas wins face-off versus Luke Glendening in Panthers zone.
14:33 of 2nd period - Shot by Casey Cizikas.
14:33 of 2nd period - Shot Misses the Net.
14:41 of 2nd period - Shot by Zach Werenski.
14:41 of 2nd period - Stopped by Cam Ward with a rebound.
15:54 of 2nd period - Shot by Nico Hischier.
15:54 of 2nd period - Shot Blocked by Francois Beauchemin.
16:08 of 2nd period - Shot by Patrik Laine.
16:08 of 2nd period - Stopped by Ben Bishop with a rebound.
16:38 of 2nd period - Icing by Francois Beauchemin.
16:39 of 2nd period - Mathew Barzal wins face-off versus Aleksander Barkov in Panthers zone.
17:10 of 2nd period - Shot by Blake Wheeler.
17:10 of 2nd period - Stopped by Ben Bishop with a rebound.
17:12 of 2nd period - Shot by Brandon Carlo.
17:12 of 2nd period - Deflect By Blake Wheeler.
17:12 of 2nd period - Stopped by Ben Bishop without a rebound.
17:13 of 2nd period - Joe Thornton wins face-off versus Calle Jarnkrok in Flyers zone.
17:26 of 2nd period - Shot by Mattias Janmark.
17:26 of 2nd period - Shot Misses the Net.
18:15 of 2nd period - Shot by Casey Cizikas.
18:15 of 2nd period - Stopped by Cam Ward with a rebound.
18:17 of 2nd period - Shot by Casey Cizikas.
18:17 of 2nd period - Stopped by Cam Ward without a rebound.
18:18 of 2nd period - Tyler Seguin wins face-off versus Mathew Barzal in Panthers zone.
19:18 of 2nd period - Shot by Luke Glendening.
19:18 of 2nd period - Shot Misses the Net.
19:20 of 2nd period - Shot by Luke Glendening.
19:20 of 2nd period - Stopped by Ben Bishop with a rebound.
19:22 of 2nd period - Shot by Luke Glendening.
19:22 of 2nd period - Shot Misses the Net.
19:24 of 2nd period - Shot by Michael Matheson.
19:24 of 2nd period - Stopped by Ben Bishop without a rebound.
19:25 of 2nd period - Nico Hischier wins face-off versus Aleksander Barkov in Flyers zone.
19:52 of 2nd period - Aleksander Barkov is hit by Damon Severson and loses puck.
19:55 of 2nd period - Shot by Nikolaj Ehlers.
19:55 of 2nd period - Stopped by Ben Bishop without a rebound.
19:56 of 2nd period - Joe Thornton wins face-off versus Calle Jarnkrok in Flyers zone.
Goals for this period are 0 for Panthers vs 0 for Flyers.
Shots for this period are 13 for Panthers vs 10 for Flyers.

3rd period


0:01 of 3rd period - Mathew Barzal wins face-off versus Blake Wheeler in neutral zone.
0:12 of 3rd period - Shot by Blake Wheeler.
0:12 of 3rd period - Goal by Blake Wheeler - Panthers : 4 - Flyers : 0.
0:13 of 3rd period - Nico Hischier wins face-off versus Aleksander Barkov in neutral zone.
0:20 of 3rd period - Shot by Nico Hischier.
0:20 of 3rd period - Stopped by Cam Ward without a rebound.
0:21 of 3rd period - Tyler Seguin wins face-off versus Mathew Barzal in Panthers zone.
0:21 of 3rd period - Tyler Seguin is hit by Brad Marchand.
0:33 of 3rd period - Shot by Tyler Seguin.
0:33 of 3rd period - Shot Misses the Net.
0:47 of 3rd period - Shot by Brad Marchand.
0:47 of 3rd period - Deflect By Mathew Barzal.
0:47 of 3rd period - Stopped by Cam Ward without a rebound.
0:48 of 3rd period - Nico Hischier wins face-off versus Aleksander Barkov in Panthers zone.
0:59 of 3rd period - Shot by Anders Lee.
0:59 of 3rd period - Shot Blocked by Charlie McAvoy.
1:01 of 3rd period - Shot by Anders Lee.
1:01 of 3rd period - Shot Blocked by Brandon Carlo.
1:03 of 3rd period - Shot by Alexander Killorn.
1:03 of 3rd period - Stopped by Cam Ward with a rebound.
1:05 of 3rd period - Shot by Ben Hutton.
1:05 of 3rd period - Shot Misses the Net.
1:07 of 3rd period - Shot by Anders Lee.
1:07 of 3rd period - Shot Misses the Net.
3:15 of 3rd period - Shot by Jori Lehtera.
3:15 of 3rd period - Shot Blocked by Drew Doughty.
3:37 of 3rd period - Ben Hutton is hit by Joe Thornton and loses puck.
3:52 of 3rd period - Shot by Andrew Ladd.
3:52 of 3rd period - Shot Misses the Net.
4:10 of 3rd period - Shot by Michael Matheson.
4:10 of 3rd period - Stopped by Ben Bishop with a rebound.
4:52 of 3rd period - Brandon Carlo is hit by Anders Lee and loses puck.
5:29 of 3rd period - Shot by Mathew Barzal.
5:29 of 3rd period - Stopped by Cam Ward with a rebound.
5:31 of 3rd period - Shot by Brad Marchand.
5:31 of 3rd period - Shot Misses the Net.
5:52 of 3rd period - Justin Williams is hit by Brad Marchand.
6:20 of 3rd period - Shot by Mattias Janmark.
6:20 of 3rd period - Shot Misses the Net.
7:04 of 3rd period - Shot by Joel Armia.
7:04 of 3rd period - Stopped by Ben Bishop without a rebound.
7:05 of 3rd period - Tyler Seguin wins face-off versus Alexander Killorn in Flyers zone.
7:09 of 3rd period - Matthew Tkachuk is hit by Jonathan Ericsson and loses puck.
7:14 of 3rd period - Shot by Matthew Tkachuk.
7:14 of 3rd period - Deflect By Tyler Seguin.
7:14 of 3rd period - Shot Blocked by Jonathan Ericsson.
7:16 of 3rd period - Shot by Matthew Tkachuk.
7:16 of 3rd period - Stopped by Ben Bishop without a rebound.
7:17 of 3rd period - Joe Thornton wins face-off versus Mathew Barzal in Flyers zone.
7:36 of 3rd period - Ben Hutton is hit by Andrew Ladd and loses puck.
7:56 of 3rd period - Icing by Mathew Barzal.
7:57 of 3rd period - Tyler Seguin wins face-off versus Mathew Barzal in Flyers zone.
8:24 of 3rd period - Shot by Nico Hischier.
8:24 of 3rd period - Shot Misses the Net.
8:27 of 3rd period - Icing by Tyler Seguin.
8:28 of 3rd period - Calle Jarnkrok wins face-off versus Tyler Seguin in Panthers zone.
8:31 of 3rd period - Shot by Damon Severson.
8:31 of 3rd period - Shot Blocked by Brandon Carlo.
8:33 of 3rd period - Shot by Calle Jarnkrok.
8:33 of 3rd period - Deflect By Mattias Janmark.
8:33 of 3rd period - Shot Misses the Net.
8:35 of 3rd period - Shot by Calle Jarnkrok.
8:35 of 3rd period - Deflect By Thomas Vanek.
8:35 of 3rd period - Shot Misses the Net.
8:37 of 3rd period - Shot by Calle Jarnkrok.
8:37 of 3rd period - Stopped by Cam Ward without a rebound.
8:38 of 3rd period - Aleksander Barkov wins face-off versus Nico Hischier in Panthers zone.
8:59 of 3rd period - Alexander Killorn is hit by Drew Doughty and loses puck.
9:56 of 3rd period - Shot by Mathew Barzal.
9:56 of 3rd period - Stopped by Cam Ward with a rebound.
9:58 of 3rd period - Shot by Damon Severson.
9:58 of 3rd period - Shot Misses the Net.
10:00 of 3rd period - Shot by Brandon Saad.
10:00 of 3rd period - Stopped by Cam Ward without a rebound.
10:01 of 3rd period - Andrew Ladd wins face-off versus Calle Jarnkrok in Panthers zone.
11:04 of 3rd period - Shot by Matthew Tkachuk.
11:04 of 3rd period - Stopped by Ben Bishop without a rebound.
11:05 of 3rd period - Mathew Barzal wins face-off versus Luke Glendening in Flyers zone.
11:15 of 3rd period - Mathew Barzal is hit by Drew Doughty and loses puck.
11:36 of 3rd period - Shot by Joel Armia.
11:36 of 3rd period - Stopped by Ben Bishop without a rebound.
11:37 of 3rd period - Tyler Seguin wins face-off versus Nico Hischier in Flyers zone.
12:18 of 3rd period - Shot by Blake Wheeler.
12:18 of 3rd period - Stopped by Ben Bishop with a rebound.
13:07 of 3rd period - Brad Marchand is hit by Charlie McAvoy and loses puck.
13:15 of 3rd period - Brad Marchand is hit by Charlie McAvoy and loses puck.
13:37 of 3rd period - Shot by Mattias Janmark.
13:37 of 3rd period - The goal is going for a video replay.
13:37 of 3rd period - The goal is refused.
13:38 of 3rd period - Justin Williams wins face-off versus Casey Cizikas in Panthers zone.
13:54 of 3rd period - Marcus Kruger is hit by Drew Doughty and loses puck.
13:56 of 3rd period - Minor Penalty to Drew Doughty for Hooking.
13:57 of 3rd period - Nico Hischier wins face-off versus Luke Glendening in Panthers zone.
14:02 of 3rd period - Shot by Alexander Killorn.
14:02 of 3rd period - Shot Misses the Net.
14:16 of 3rd period - Shot by Zach Werenski.
14:16 of 3rd period - Shot Blocked by Melker Karlsson.
14:18 of 3rd period - Shot by Zach Werenski.
14:18 of 3rd period - Stopped by Cam Ward without a rebound.
14:19 of 3rd period - Mathew Barzal wins face-off versus Luke Glendening in Panthers zone.
14:20 of 3rd period - Shot by Brad Marchand.
14:20 of 3rd period - Shot Misses the Net.
14:22 of 3rd period - Shot by Calle Jarnkrok.
14:22 of 3rd period - Shot Blocked by Luke Glendening.
14:24 of 3rd period - Shot by Mathew Barzal.
14:24 of 3rd period - Shot Misses the Net.
14:34 of 3rd period - Shot by Mathew Barzal.
14:34 of 3rd period - Shot Misses the Net.
14:36 of 3rd period - Shot by Brad Marchand.
14:36 of 3rd period - Deflect By Mathew Barzal.
14:36 of 3rd period - Shot Misses the Net.
14:38 of 3rd period - Shot by Calle Jarnkrok.
14:38 of 3rd period - Shot Blocked by Melker Karlsson.
14:40 of 3rd period - Shot by Mathew Barzal.
14:40 of 3rd period - Stopped by Cam Ward with a rebound.
14:42 of 3rd period - Shot by Mathew Barzal.
14:42 of 3rd period - Stopped by Cam Ward without a rebound.
14:43 of 3rd period - Aleksander Barkov wins face-off versus Nico Hischier in Panthers zone.
14:52 of 3rd period - Shot by Nico Hischier.
14:52 of 3rd period - Deflect By Brandon Saad.
14:52 of 3rd period - Shot Misses the Net.
15:06 of 3rd period - Shot by Brandon Saad.
15:06 of 3rd period - Shot Misses the Net.
15:08 of 3rd period - Shot by Zach Werenski.
15:08 of 3rd period - Shot Blocked by Charlie McAvoy.
15:10 of 3rd period - Shot by Alexander Killorn.
15:10 of 3rd period - Stopped by Cam Ward without a rebound.
15:11 of 3rd period - Mathew Barzal wins face-off versus Aleksander Barkov in Panthers zone.
15:32 of 3rd period - Shot by Mathew Barzal.
15:32 of 3rd period - Shot Misses the Net.
15:44 of 3rd period - Shot by Mathew Barzal.
15:44 of 3rd period - Stopped by Cam Ward with a rebound.
16:11 of 3rd period - Drew Doughty is hit by Nikita Zaitsev and loses puck.
17:16 of 3rd period - Icing by Jonathan Ericsson.
17:17 of 3rd period - Aleksander Barkov wins face-off versus Nico Hischier in Flyers zone.
17:39 of 3rd period - Aleksander Barkov is hit by Matt Benning.
17:42 of 3rd period - Patrik Laine is hit by Jonathan Ericsson and loses puck.
18:19 of 3rd period - Shot by Luke Glendening.
18:19 of 3rd period - Deflect By Joel Armia.
18:19 of 3rd period - Shot Misses the Net.
19:00 of 3rd period - Shot by Joe Thornton.
19:00 of 3rd period - Shot Misses the Net.
19:09 of 3rd period - Off-side.
19:10 of 3rd period - Calle Jarnkrok wins face-off versus Matthew Tkachuk in neutral zone.
19:19 of 3rd period - Shot by Mattias Janmark.
19:19 of 3rd period - Stopped by Cam Ward without a rebound.
19:20 of 3rd period - Casey Cizikas wins face-off versus Aleksander Barkov in Panthers zone.
19:33 of 3rd period - Shot by Marcus Kruger.
19:33 of 3rd period - Deflect By Casey Cizikas.
19:33 of 3rd period - Stopped by Cam Ward without a rebound.
19:34 of 3rd period - Calle Jarnkrok wins face-off versus Tyler Seguin in Panthers zone.
19:37 of 3rd period - Shot by Mattias Janmark.
19:37 of 3rd period - Stopped by Cam Ward without a rebound.
19:38 of 3rd period - Tyler Seguin wins face-off versus Mathew Barzal in Panthers zone.
19:45 of 3rd period - Shot by Tyler Seguin.
19:45 of 3rd period - Shot Blocked by Damon Severson.
19:51 of 3rd period - Shot by Blake Wheeler.
19:51 of 3rd period - Shot Blocked by Zach Werenski.
19:53 of 3rd period - Shot by Matthew Tkachuk.
19:53 of 3rd period - Deflect By Blake Wheeler.
19:53 of 3rd period - Shot Misses the Net.
19:55 of 3rd period - Shot by Brandon Carlo.
19:55 of 3rd period - Stopped by Ben Bishop without a rebound.
19:56 of 3rd period - Aleksander Barkov wins face-off versus Calle Jarnkrok in Flyers zone.
Goals for this period are 1 for Panthers vs 0 for Flyers.
Shots for this period are 8 for Panthers vs 16 for Flyers.